 Dungeon Crawl Stone Soup version 0.29-a0-284-gf9362112df (webtiles) character file.

Game seed: 5998183495463721332

10243 rabbitsville the Arsonist (level 11, -8/54 HPs)
             Began as a Gargoyle Fire Elementalist on Mar 18, 2022.
             Was a Priest of Vehumet.
             Mangled by a komodo dragon (21 damage)
             ... on level 12 of the Dungeon.
             The game lasted 01:05:20 (16931 turns).

rabbitsville the Arsonist (GrFE)                   Turns: 16931, Time: 01:05:22

Health: -8/54      AC: 17    Str: 17    XL:     11   Next: 59%
Magic:  14/24      EV: 11    Int: 21    God:    Vehumet [***...]
Gold:   512        SH:  0    Dex: 10    Spells: 20/28 levels left

rFire   + . .      SeeInvis .   K - staff of fire
rCold   . . .      Faith    .   (no shield)
rNeg    + . .      Spirit   .   H - +0 acid dragon scales
rPois   ∞          Reflect  .   (no helmet)
rElec   +          Harm     .   d - +0 cloak
rCorr   +          Rampage  .   F - +0 pair of gloves
Will    .....                   N - +0 pair of boots
Stlth   +.........              p - amulet of the acrobat
HPRegen 0.18/turn               o - +6 ring of strength
MPRegen 0.19/turn               (no ring)

@: no status effects
A: sickness immunity, AC +8, negative energy resistance 1, electricity
resistance, torment resistance 1, petrification resistance
a: Renounce Religion


You were on level 12 of the Dungeon.
You worshipped Vehumet.
Vehumet was most pleased with you.
You visited 2 branches of the dungeon, and saw 13 of its levels.

You collected 512 gold pieces.

Inventory:

Hand Weapons
 e - a +2 dagger of protection
 B - the +0 trident of Fear {speed, rC+ Int+4 Dex+2}
   (You found it on level 7 of the Dungeon)

   Attacks with this weapon are significantly faster.
   Int:       It affects your intelligence (+4).
   Dex:       It affects your dexterity (+2).
   rC:        It protects you from cold.
Missiles
 f - a throwing net
 i - 4 javelins
 l - 31 poisoned darts
Armour
 a - a +0 robe
 d - a +0 cloak (worn)
 s - a +2 ring mail of poison resistance
 F - a +0 pair of gloves (worn)
 H - +0 acid dragon scales (worn)
 N - a +0 pair of boots (worn)
Magical Staves
 K - a staff of fire (weapon)
Jewellery
 o - a +6 ring of strength (left hand)
 p - an amulet of the acrobat (around neck)
 G - an amulet of reflection
 P - an amulet of faith
Wands
 t - a wand of paralysis (16)
 I - a wand of iceblast (12)
 L - a wand of polymorph (3)
 M - a wand of charming (5)
Scrolls
 c - 4 scrolls of teleportation
 j - 2 scrolls of amnesia
 r - a scroll of enchant armour {unknown}
 u - a scroll of summoning {unknown}
 v - 4 scrolls of brand weapon
 y - 2 scrolls of noise
 A - a scroll of vulnerability {unknown}
 C - 3 scrolls of fog
 J - 2 scrolls of silence {unknown}
 O - 2 scrolls of magic mapping {unknown}
Potions
 b - a potion of magic
 g - 4 potions of lignification
 h - 3 potions of flight
 k - a potion of haste {unknown}
 m - 2 potions of mutation
 n - a potion of heal wounds
 q - 5 potions of attraction
 w - a potion of invisibility {unknown}
 x - 2 potions of curing
 z - 4 potions of might
 D - 2 potions of ambrosia
 E - a potion of degeneration {unknown}


   Skills:
 - Level 5.4(6.0) Polearms
 + Level 4.0(5.6) Staves
 - Level 1.5 Dodging
 - Level 2.1 Stealth
 + Level 9.2 Spellcasting
 - Level 6.8 Conjurations
 - Level 11.2 Fire Magic
 + Level 3.7 Evocations


You had 20 spell levels left.
You knew the following spells:

 Your Spells              Type           Power      Damage    Failure   Level
a - Foxfire               Conj/Fire      100%       2x1d9     1%          1
b - Scorch                Fire           100%       2d10      1%          2
c - Flame Wave            Conj/Fire      64%        2d12      1%          4
d - Shock                 Conj/Air       96%        1d9       1%          1

Your spell library contained the following spells:

 Spells                   Type           Power      Damage    Failure   Level
 Sticky Flame             Conj/Fire      64%        2d8       1%          4
 Conjure Flame            Conj/Fire      64%        6-21      1%          3
 Inner Flame              Hex/Fire       49%        N/A       1%          3
 Animate Skeleton         Necr           18%        N/A       10%         1
 Pain                     Necr           36%        1d5       10%         1
 Slow                     Hex            36%        N/A       10%         1
 Summon Small Mammal      Summ           36%        N/A       10%         1
 Ensorcelled Hibernation  Hex/Ice        18%        N/A       14%         2
 Passwall                 Tmut/Erth      7%         N/A       14%         2
 Call Canine Familiar     Summ           9%         N/A       28%         3
 Confusing Touch          Hex            9%         N/A       28%         3
 Summon Guardian Golem    Hex/Summ       9%         N/A       28%         3
 Swiftness                Air            9%         N/A       28%         3
 Vampiric Draining        Necr           9%         2d6       28%         3
 Yara's Violent Unravell  Hex/Tmut       4%         3d4       54%         5
 Agony                    Necr           9%         N/A       95%         5
 Excruciating Wounds      Necr           4%         N/A       95%         5
 Summon Cactus Giant      Summ           4%         N/A       100%        6
 Enfeeble                 Hex            4%         N/A       100%        7


Dungeon Overview and Level Annotations

Branches:
Dungeon (12/15)            Temple (1/1) D:5            Lair (0/6) D:9
    Orc (0/2) D:11

Altars:
Ashenzari
Cheibriados
Dithmenos
Elyvilon
Fedhas
Gozag
Hepliaklqana
Kikubaaqudgha
Makhleb
Nemelex Xobeh
Okawaru
Qazlal
Ru
Sif Muna
Trog
Uskayaw
Vehumet
Wu Jian
Xom
Yredelemnul
Zin
The Shining One

Shops:
D:8 *   D:11 (?!::


Innate Abilities, Weirdness & Mutations

You are immune to sickness and miasma.
Your stone body is resilient. (AC +8)
You are immune to poison.
You resist negative energy. (rN+)
You are resistant to electric shocks. (rElec)
You are resistant to unholy torment.
You are immune to petrification.


Message History

You hear a shout!
The komodo dragon bites you.
Casting: Scorch (safe; 1% risk of failure)
Confirm with . or Enter, or press ? or * to list all spells.
You feel a surge of power!
Flames lash the komodo dragon.
The komodo dragon is heavily wounded.
The komodo dragon's fire resistance burns away.
The komodo dragon bites you!
Casting: Scorch (safe; 1% risk of failure)
Confirm with . or Enter, or press ? or * to list all spells.
You feel a surge of power!
Flames lash the komodo dragon but do no damage.
The komodo dragon bites you!
* * * LOW HITPOINT WARNING * * *
The komodo dragon is no longer more vulnerable to fire.
Casting: Scorch (safe; 1% risk of failure)
Confirm with . or Enter, or press ? or * to list all spells.
You feel a surge of power!
Flames lash the orc warrior.
The orc warrior is heavily wounded.
The orc warrior's fire resistance burns away.
The komodo dragon bites you but does no damage.
Casting: Scorch (safe; 1% risk of failure)
Confirm with . or Enter, or press ? or * to list all spells.
You feel a surge of power!
Flames lash the komodo dragon.
The komodo dragon is severely wounded.
The komodo dragon's fire resistance burns away.
The komodo dragon barely misses you.
Casting: Scorch (safe; 1% risk of failure)
Confirm with . or Enter, or press ? or * to list all spells.
You don't know that spell.
You feel much better. The komodo dragon bites you!!
* * * LOW HITPOINT WARNING * * *
Casting: Scorch (safe; 1% risk of failure)
Confirm with . or Enter, or press ? or * to list all spells.
You feel a surge of power!
Flames lash the orc warrior.
The orc warrior is burned terribly!
You kill the orc warrior!
Vehumet accepts your kill.
You feel your power returning. The komodo dragon bites you!!
You die...

####...... #.........
#.........
#####......... #...#
#....$....... #...#
+........... +...+
###.......##### #...#
#.'...........#
#...######
#.#.....#####@#
#......... #.#.....#
#l# #........
#.#.....# #)#
#........
###.###########.#
#........ #...#
#.....)#
######........ #.###
#......#
#............. #.#
#o.....#
#..........### #.#
........# #..........#
#.#
###########..........#


You could see a komodo dragon (combustible).

Vanquished Creatures
  A hydra (D:11)
  2 cyclopes (D:9)
  An ugly thing (D:12)
  A manticore (D:11)
  Joseph (D:7)
  An unseen horror (D:11)
  A komodo dragon (D:11)
  2 trolls
  Prince Ribbit (D:5)
  3 yaks (D:10)
  3 shadows
  A wraith (D:9)
  A steam dragon (D:9)
  An acid dragon (D:9)
  A water moccasin (D:7)
  5 orc warriors
  2 ice beasts (D:7)
  3 sky beasts
  A black bear (D:4)
  A wolf (D:9)
  An ogre (D:5)
  4 centaurs
  2 phantoms
  2 kobold brigands
  2 bullfrogs
  4 gnoll sergeants
  2 scorpions
  3 jellies
  23 killer bees
  2 electric eels (D:9)
  9 howler monkeys
  2 gnoll shamans
  8 hounds
  10 orc priests
  Terence (D:3)
  10 orc wizards
  6 iguanas
  5 adders
  30 gnolls
  2 shadow imps
  A white imp (D:7)
  An ufetubus (D:5)
  4 worms
  7 dart slugs
  33 orcs
  7 endoplasms
  4 giant cockroaches
  8 goblins
  10 hobgoblins
  17 kobolds
  2 quokkas
  4 ball pythons
  4 bats
  5 frilled lizards
  2 rats
  A spectral goblin (D:11)
271 creatures vanquished.

Vanquished Creatures (others)
  239 foxfires
  2 fungi (D:1)
241 creatures vanquished.

Grand Total: 512 creatures vanquished

Notes
Turn   | Place    | Note
-------+----------+-------------------------------------------
     0 | D:1      | rabbitsville the Gargoyle Fire Elementalist began the quest
                  | for the Orb.
     0 | D:1      | Reached XP level 1. HP: 10/10 MP: 3/3
   602 | D:1      | Reached XP level 2. HP: 12/15 MP: 3/5
   814 | D:1      | Learned a level 2 spell: Scorch
   967 | D:1      | Reached XP level 3. HP: 19/19 MP: 6/6
  2283 | D:2      | Reached XP level 4. HP: 24/24 MP: 0/7
  2716 | D:2      | Reached skill level 4 in Fire Magic
  2973 | D:3      | Found a broken altar of Ashenzari.
  3613 | D:3      | Noticed Terence
  3800 | D:3      | Reached XP level 5. HP: 16/28 MP: 5/9
  3991 | D:3      | Killed Terence
  3992 | D:3      | Reached skill level 5 in Fire Magic
  4002 | D:3      | Reached XP level 6. HP: 32/32 MP: 0/10
  4285 | D:3      | Found a faded altar of an unknown god.
  5047 | D:4      | Found an iron altar of Okawaru.
  5546 | D:4      | Noticed a black bear
  5549 | D:4      | Killed a black bear
  5607 | D:4      | Identified the +4 scale mail "Firiusio" {-Cast Rampage
                  | Dex+3 SInv}
  5694 | D:4      | Found a sacrificial altar of Ru.
  5694 | D:4      | Found a shimmering altar of Xom.
  5694 | D:4      | Found a hide-covered altar of Uskayaw.
  5856 | D:5      | Entered Level 5 of the Dungeon
  5925 | D:5      | Reached XP level 7. HP: 36/36 MP: 7/12
  6012 | D:5      | Reached skill level 6 in Fire Magic
  6750 | D:5      | Noticed Prince Ribbit
  6800 | D:5      | Reached XP level 8. HP: 41/41 MP: 9/14
  6864 | D:5      | Reached skill level 7 in Fire Magic
  7002 | D:5      | Reached skill level 5 in Conjurations
  7201 | D:5      | Killed Prince Ribbit
  7202 | D:5      | Reached skill level 5 in Spellcasting
  7318 | D:5      | Found a staircase to the Ecumenical Temple.
  7603 | Temple   | Entered the Ecumenical Temple
  7811 | Temple   | Became a worshipper of Vehumet
  7859 | D:6      | Noticed a shadow
  7935 | D:6      | Reached skill level 8 in Fire Magic
  8046 | D:6      | Noticed a troll
  8052 | D:6      | Killed a troll
  8127 | D:6      | Reached XP level 9. HP: 45/45 MP: 11/17
  8484 | D:6      | Reached skill level 9 in Fire Magic
  8651 | D:6      | Found a bloodstained altar of Trog.
  9309 | D:7      | Identified the +0 trident of Fear {speed, rC+ Int+4 Dex+2}
  9454 | D:7      | Learned a level 4 spell: Flame Wave
  9601 | D:7      | Reached * piety under Vehumet
  9601 | D:7      | Offered knowledge of Freeze by Vehumet.
  9668 | D:7      | Found an opulent altar of Gozag.
  9685 | D:7      | Noticed Joseph
  9694 | D:7      | Killed Joseph
  9695 | D:7      | Reached skill level 1 in Polearms
 10116 | D:7      | Found a shimmering blue altar of Sif Muna.
 10196 | D:7      | Reached XP level 10. HP: 50/50 MP: 13/20
 10268 | D:7      | Reached skill level 10 in Fire Magic
 10376 | D:8      | Found Upem Epeq's Demolitions Depot.
 10790 | D:8      | Found an ornate altar of the Wu Jian Council.
 11060 | D:8      | Identified the +1 chain mail of Sloth {-Tele Rampage rC+
                  | Will+}
 11952 | D:9      | Offered knowledge of Shock by Vehumet.
 11955 | D:9      | Learned a level 1 spell: Shock
 11959 | D:9      | Reached ** piety under Vehumet
 12146 | D:9      | Noticed a cyclops
 12159 | D:9      | Killed a cyclops
 12422 | D:9      | Found a blossoming altar of Fedhas.
 12610 | D:9      | Noticed a cyclops
 12616 | D:9      | Killed a cyclops
 12753 | D:9      | Reached skill level 5 in Polearms
 12929 | D:9      | Found a staircase to the Lair.
 12945 | D:9      | Reached skill level 11 in Fire Magic
 13231 | D:9      | Offered knowledge of Ignite Poison by Vehumet.
 13366 | D:9      | Reached XP level 11. HP: 40/54 MP: 10/23
 14009 | D:10     | Entered Level 10 of the Dungeon
 14189 | D:10     | Reached skill level 1 in Staves
 14190 | D:10     | Reached skill level 1 in Evocations
 14343 | D:10     | Reached *** piety under Vehumet
 15153 | D:11     | Found Qoklex's Book Emporium.
 15352 | D:11     | Found Dial's Book Shoppe.
 15914 | D:11     | Noticed a manticore
 15924 | D:11     | Killed a manticore
 16097 | D:11     | Found Quann's Distillery.
 16118 | D:11     | Noticed a seven-headed hydra
 16144 | D:11     | Killed a seven-headed hydra
 16382 | D:11     | Found Qasustah's Antique Weapon Boutique.
 16485 | D:11     | Found a hazy altar of Hepliaklqana.
 16602 | D:11     | Found Miemi's Magic Scroll Shoppe.
 16639 | D:11     | Found a staircase to the Orcish Mines.
 16648 | D:11     | Noticed a death knight
 16737 | D:12     | Noticed a boulder beetle
 16840 | D:12     | Noticed a green ugly thing
 16857 | D:12     | Killed a green ugly thing
 16923 | D:12     | Offered knowledge of Sticky Flame by Vehumet.
 16931 | D:12     | Mangled by a komodo dragon

Illustrated notes

Levels and vault maps discovered:
D:1:      dpeg_cavernosity, layout_basic, serial_forest,
          infiniplex_forest_zigzag_1, infiniplex_forest_lined_3_way,
          infiniplex_forest_end_3, infiniplex_forest_clump_cross
D:2:      layout_basic, minmay_misc_feat_plants, moated_statue
D:3:      layout_loops_cross, ashenzari_conservatory_becter,
          shapermc_ecumenical_altar_totnotflames, grunt_ministairs_6,
          uniq_terence
D:4:      layout_loops_corners, mainiacjoe_overflow_chevrons,
          gammafunk_temple_overflow_claw, st_stairs_12, palyth_stone_intersect
D:5:      layout_gridville, minmay_temple_entry_grid,
          hangedman_abyss_or_decor_lesser_grid, grunt_decor_arrowhead, hex_tiny,
          amcnicky_mini_pool_medium, uniq_prince_ribbit1
D:6:      layout_loops_ring, nicolae_overflow_hidden_temple
D:7:      layout_basic, tgw_sif, mainiacjoe_overflow_paths, minmay_fountain_box,
          uniq_joseph
D:8:      layout_layer_cave, nzn_wu_jian_contemplation, nicolae_blasting_shop
D:9:      layout_roguey, fedhas_altar_fruit_tree, erik_lair_island,
          lightli_minifort
D:10:     layout_stronghold
D:11:     layout_long_grid, orc_0_dummy, serial_shops, kennysheep_mini_moat,
          shop, nicolae_lakefront_shop, nicolae_square_shop,
          nicolae_lakefront_shop, amcnicky_mini_rare_corridor_liquid,
          nicolae_hepliaklqana_monster_ancestors
D:12:     layout_basic
Temple:   minmay_temple_bridge_abc

Skill      XL: |  1  2  3  4  5  6  7  8  9 10 11 |
---------------+----------------------------------+-----
Conjurations   | 2 3 4 6 |  6.8
Fire Magic     | 4 5 6 8 9 11 | 11.2
Spellcasting   | 3 4 5 6 8 9 |  9.2
Polearms       | 2 5 |  5.4
Staves         | 4 |  4.0
Evocations     | 3 |  3.7
Dodging        | |  1.5
Stealth        | |  2.1

Action                   |  1- 3 |  4- 6 |  7- 9 | 10-12 || total
-------------------------+-------+-------+-------+-------++-------
Melee: Short sword       |    19 |       |       |       ||    19
       Club              |    10 |       |       |       ||    10
       Dagger            |    30 |    42 |    56 |       ||   128
       Punch             |       |     1 |     1 |       ||     2
       Trident           |       |       |    12 |    21 ||    33
       Staff             |       |       |       |    65 ||    65
 Cast: Foxfire           |    39 |    34 |    31 |    27 ||   131
       Scorch            |     2 |    50 |   123 |   195 ||   370
       Flame Wave        |       |       |       |     9 ||     9
  Use: Scroll            |       |       |       |    13 ||    13
       Potion            |       |       |       |     1 ||     1
 Stab: Sleeping          |     4 |     2 |       |       ||     6
Armor: Robe              |    25 |    16 |       |       ||    41
       Ring mail         |       |     1 |    50 |    12 ||    63
       Acid dragon scale |       |       |       |    89 ||    89
Dodge: Dodged            |    38 |    23 |    37 |   169 ||   267

Table legend: (Time is in decaauts)
 A = Elapsed time spent in this place.
 B = Non-inter-level travel time spent in this place.
 C = Inter-level travel time spent in this place.
 D = Time resting spent in this place.
 E = Time spent auto-exploring this place.
 F = Levels seen in this place.
 G = Mean time per level.
                   A        B        C        D        E       F      G
               +--------+--------+--------+--------+--------+-----+--------+
         Total |  16944 |  16608 |    336 |   5547 |   6695 |  13 | 1303.4 |
       Dungeon |  16710 |  16398 |    312 |   5547 |   6510 |  12 | 1392.5 |
        Temple |    233 |    209 |     24 |      0 |    185 |   1 |  233.0 |
               +--------+--------+--------+--------+--------+-----+--------+

Top non-repeatable levels by time:
     D:9: 2086 daAuts
     D:5: 1817 daAuts
     D:1: 1782 daAuts
     D:8: 1606 daAuts
     D:3: 1584 daAuts
    D:11: 1539 daAuts
     D:6: 1402 daAuts
     D:4: 1361 daAuts
     D:2: 1134 daAuts
    D:10: 1128 daAuts
     D:7: 1015 daAuts
    D:12: 252 daAuts
  Temple: 233 daAuts
